 Dungeon Crawl Stone Soup version 0.22-a0-407-gb098539 (webtiles) character file.

51506 dstrtnsr the Brawler (level 14, -1/144 HPs)
             Began as a Troll Fighter on May 10, 2018.
             Was an Elder of Wu Jian.
             Slain by an eight-headed hydra (5 damage)
             ... on level 1 of the Swamp.
             The game lasted 00:15:25 (15361 turns).

dstrtnsr the Brawler (Troll Fighter)               Turns: 15361, Time: 00:15:25

Health: -1/144     AC:  8    Str: 31    XL:     14   Next: 23%
Magic:  19/19      EV: 10    Int:  4    God:    Wu Jian [****..]
Gold:   906        SH: 12    Dex:  9    Spells: 13/13 levels left

rFire    . . .     SeeInvis .     - Unarmed
rCold    . . .     Gourm    +   b - +0 shield
rNeg     . . .     Faith    .   g - +2 robe {MR+}
rPois    +         Spirit   .   (helmet restricted)
rElec    .         Reflect  .   G - +0 cloak
rCorr    +         Harm     .   (gloves unavailable)
MR       ++...                  (boots unavailable)
Stlth    +.........             t - amulet of rage
HPRegen  0.74/turn              p - ring of poison resistance
MPRegen  0.16/turn              J - ring of resist corrosion

@: no status effects
A: large, unfitting armour, claws 3, fast metabolism 3, gourmand, regeneration
1, shaggy fur 1, tough skin 2
a: Wall Jump, Serpent's Lash, Renounce Religion, Evoke Berserk Rage


You were on level 1 of the Swamp.
You worshipped Wu Jian.
Wu Jian was greatly pleased with you.
You were not hungry.

You visited 5 branches of the dungeon, and saw 20 of its levels.

You collected 1127 gold pieces.
You spent 221 gold pieces at shops.

Inventory:

Missiles
 a - 536 stones (quivered)
Armour
 b - a +0 shield (worn)
 g - a +2 robe of magic resistance (worn)
 G - a +0 cloak (worn)
Jewellery
 p - a ring of poison resistance (left claw)
 s - a +3 ring of strength
 t - an amulet of rage (around neck)
 J - a ring of resist corrosion (right claw)
Wands
 C - a wand of acid (25)
 D - a wand of disintegration (15)
 E - a wand of enslavement (7)
 I - a wand of iceblast (8)
 M - a wand of polymorph (10)
 P - a wand of paralysis (15)
Scrolls
 i - a scroll of magic mapping
 k - 2 scrolls of remove curse {@r2}
 l - 2 scrolls of blinking
 m - 2 scrolls of random uselessness {unknown}
 u - a scroll of fear
 v - a scroll of enchant weapon
 w - 2 scrolls of teleportation {!d}
 y - a scroll of silence {unknown}
 A - 3 scrolls of immolation
 B - a scroll of vulnerability
 H - a scroll of holy word {unknown}
 L - a scroll of enchant armour {unknown}
 O - a scroll of fog {unknown}
 Q - a scroll of summoning
Potions
 c - a potion of might
 d - 3 potions of magic
 f - 5 potions of agility
 h - 8 potions of curing {@q1}
 j - a potion of flight
 n - 2 potions of haste
 o - a potion of invisibility
 q - 2 potions of mutation
 r - 2 potions of brilliance
 x - 2 potions of heal wounds
 z - a potion of ambrosia
 F - a potion of lignification
Miscellaneous
 K - a phantom mirror
Comestibles
 e - 39 rations {!d}


   Skills:
 + Level 10.5 Fighting
 - Level 2.4 Dodging
 - Level 9.0 Shields
 * Level 16.2 Unarmed Combat
 * Level 8.0 Evocations


You had 13 spell levels left.
You didn't know any spells.

Dungeon Overview and Level Annotations

Branches:
Dungeon (11/15)            Temple (1/1) D:7            Lair (6/6) D:9
  Swamp (1/4) Lair:4        Snake (1/4) Lair:2        Slime (0/5) Lair:5
    Orc: D:9-12

Altars:
Ashenzari
Cheibriados
Dithmenos
Fedhas
Gozag
Hepliaklqana
Kikubaaqudgha
Makhleb
Nemelex Xobeh
Qazlal
Ru
Sif Muna
Trog
Uskayaw
Vehumet
Wu Jian
Xom
Yredelemnul
Zin
The Shining One
Jiyva

Shops:
D:9 *   D:10 (

Portals:
Labyrinth: D:11

Annotations:
D:11 Harold, Urug


Innate Abilities, Weirdness & Mutations

You are too large for most types of armour.
You have claws for hands.
Your metabolism is lightning-fast.
You like to eat raw meat.
Your natural rate of healing is unusually fast.
You are covered in fur. (AC +1)
You have very tough skin. (AC +2)


Message History

You are exhausted.
You feel yourself slow down.
You enter the shallow water.
Moving in this stuff is going to be slow.
A shadow comes into view.
Things that are here:
a rapier of electrocution; a cloak; a pair of gloves The shadow slips into darkness.
The shadow flickers and vanishes!
Deactivating autopickup; reactivate with Ctrl-A.
The shadow strikes at you from the darkness!
Reactivating autopickup.
You block the shadow's attack.
The shadow slips into darkness.
The shadow flickers and vanishes!
Deactivating autopickup; reactivate with Ctrl-A.
Found 23 gold pieces.
You swing at nothing.
You scratch something.
The shadow strikes at you from the darkness! x2
You scratch something.
The shadow strikes at you from the darkness!
Reactivating autopickup.
You closely miss the shadow.
The shadow is moderately damaged.
The shadow slips into darkness.
The shadow flickers and vanishes!
Deactivating autopickup; reactivate with Ctrl-A.
You scratch something but do no damage.
The shadow strikes at you from the darkness!
Reactivating autopickup.
You eviscerate the shadow!!!
You destroy the shadow!
The Council accepts your kill.
You swing at nothing.
You swing at nothing.
Unknown command.
You feel yourself speed up.
You now have 887 gold pieces (gained 23).
You recover from your berserk rage.
Key pressed, stopping explore.
w - 2 scrolls of teleportation {!d} (gained 1)
You now have 906 gold pieces (gained 19).
You enter the shallow water.
Moving in this stuff is going to be slow.
A swamp worm comes into view.
A swamp worm is nearby!
A swamp worm is nearby!
A swamp worm is nearby!
A swamp worm is nearby!
A swamp worm is nearby!
Found a wand of iceblast (10).
The swamp worm throws harpoon shot at you.
The harpoon shot hits you!
You are yanked forward by the harpoon shot.
You violently stop moving!
A six-headed hydra comes into view.
The six-headed hydra roars!
You see here 25 stones.
You claw the swamp worm!
The swamp worm is heavily wounded.
The swamp worm bites you!
You mangle the swamp worm!!
You kill the swamp worm!
The Council accepts your kill.
You enter the shallow water.
Moving in this stuff is going to be slow.
You block the six-headed hydra's attack. x2
The six-headed hydra barely misses you. The six-headed hydra misses you.
The six-headed hydra bites you but does no damage.
The six-headed hydra bites you!
You rip one of the six-headed hydra's heads off!
The five-headed hydra grows two more!
You scratch the seven-headed hydra.
The seven-headed hydra is lightly wounded.
You block the seven-headed hydra's attack.
The seven-headed hydra bites you! x4
The seven-headed hydra closely misses you.
The seven-headed hydra bites you!
You tear one of the seven-headed hydra's heads off!
The six-headed hydra grows two more!
You eviscerate the eight-headed hydra!!!
The eight-headed hydra is heavily wounded.
You see here 25 stones.
You block the eight-headed hydra's attack.
The eight-headed hydra bites you!
You block the eight-headed hydra's attack.
The eight-headed hydra bites you. The eight-headed hydra bites you!
* * * LOW HITPOINT WARNING * * *
The eight-headed hydra bites you!
* * * LOW HITPOINT WARNING * * *
The eight-headed hydra bites you.
* * * LOW HITPOINT WARNING * * *
The eight-headed hydra bites you!
* * * LOW HITPOINT WARNING * * *
Unknown command.
The eight-headed hydra bites you!
* * * LOW HITPOINT WARNING * * *
You block the eight-headed hydra's attack.
The eight-headed hydra bites you.
You die...

♣. ♣♣..≈≈.♣
♣♣....♣.
♣≈♣♣♣..≈♣≈.♣
♣....♣♣
♣≈≈≈≈.≈≈≈≈.♣
♣..≈..♣♣
♣.≈.≈≈....≈♣
♣♣≈≈≈.
♣♣.≈.♣≈.≈≈≈≈♣
♣♣.
♣..≈..≈.≈≈≈.♣
♣.♣.≈.♣..≈♣≈.♣
♣♣....♣.....≈♣♣
♣.≈.♣♣.≈≈@≈..♣
♣... ♣.≈≈D≈≈.♣
♣..♣ ♣.≈≈≈≈≈.♣
♣§≈ ♣..≈.≈≈≈♣
..$ ♣♣.≈≈≈...♣
♣.≈≈≈.≈.♣
♣.≈../≈.♣
♣.≈♣≈.≈≈.♣ ♣..
≈.≈≈.≈♣


You could see an eight-headed hydra.

Vanquished Creatures
  Nikola (Swamp:1)
  Frances (Swamp:1)
  Aizul (Swamp:1)
  2 entropy weavers (Lair:6)
  3 hydras
  A catoblepas (Lair:6)
  Erica (D:10)
  A queen ant (Lair:6)
  5 two-headed ogres
  A deep troll shaman (Lair:6)
  5 death yaks (Lair:6)
  A swamp dragon (Lair:4)
  A lindwurm (Lair:6)
  An ugly thing (D:11)
  Maurice (D:9)
  7 elephants
  Joseph (D:9)
  Psyche (D:10)
  5 torpor snails
  3 black mambas
  11 spiny frogs
  A rime drake (Lair:6)
  4 komodo dragons
  3 hornets
  4 polar bears
  A troll (D:11)
  2 tyrant leeches (Swamp:1)
  9 dream sheep
  3 wyverns (D:9)
  2 shadows
  A wraith (D:10)
  33 yaks
  3 basilisks
  A steam dragon (D:9)
  17 soldier ants
  4 swamp worms (Swamp:1)
  18 water moccasins
  Edmund (D:4)
  5 porcupines
  3 orc warriors
  An ice beast (D:10)
  A necrophage (D:7)
  3 black bears
  5 ogres
  2 phantoms
  8 wolves (Lair:6)
  A centaur (D:10)
  18 crocodiles
  A big kobold (D:9)
  10 bullfrogs
  A scorpion (D:7)
  5 killer bees (D:9)
  5 crimson imps
  A bullfrog zombie (D:11)
  A quasit (D:9)
  2 hounds
  A centaur zombie (D:9)
  2 orc priests
  4 orc wizards
  2 bullfrog skeletons
  5 jellies
  Jessica (D:3)
  5 iguanas
  Ijyb (D:5)
  30 worker ants
  A hound zombie (D:6)
  A hound skeleton (D:7)
  A worker ant zombie (D:5)
  15 adders
  10 gnolls
  A shadow imp (D:5)
  An adder zombie (D:9)
  2 worms
  2 leopard geckos (D:4)
  13 orcs
  2 bats (D:3)
  2 giant cockroaches
  A hobgoblin (D:2)
  7 jackals
  2 quokkas
  A ball python (D:3)
  2 frilled lizards
  A giant cockroach zombie (D:5)
  2 goblins (D:3)
  A jackal skeleton (D:4)
  5 kobolds
  A leopard gecko zombie (D:8)
  4 rats
363 creatures vanquished.

Vanquished Creatures (collateral kills)
  An orc knight (D:11)
  An orc (D:11)
2 creatures vanquished.

Vanquished Creatures (others)
  A frilled lizard (D:5)
  12 fungi
  8 plants
21 creatures vanquished.

Grand Total: 386 creatures vanquished

Notes
Turn   | Place    | Note
-------+----------+-------------------------------------------
     0 | D:1      | dstrtnsr the Troll Fighter began the quest for the Orb.
     0 | D:1      | Reached XP level 1. HP: 22/22 MP: 0/0
   122 | D:2      | Reached XP level 2. HP: 29/29 MP: 1/1
   195 | D:3      | Reached XP level 3. HP: 34/36 MP: 2/2
   301 | D:3      | Noticed Jessica
   307 | D:3      | Killed Jessica
   307 | D:3      | Reached skill level 3 in Unarmed Combat
   333 | D:3      | Found a shattered altar of Ashenzari.
   386 | D:3      | Reached XP level 4. HP: 44/44 MP: 3/3
   430 | D:3      | Found a blossoming altar of Fedhas.
   432 | D:3      | Found an ancient bone altar of Kikubaaqudgha.
   540 | D:4      | Reached skill level 4 in Unarmed Combat
   540 | D:4      | Reached XP level 5. HP: 27/53 MP: 4/4
   603 | D:4      | Noticed Edmund
   611 | D:4      | Killed Edmund
   816 | D:4      | Noticed an ogre
   825 | D:4      | Killed an ogre
   825 | D:4      | Reached XP level 6. HP: 42/61 MP: 5/5
   880 | D:4      | Reached skill level 5 in Unarmed Combat
  1100 | D:4      | HP: 21/62 [orc/flail of protection (7)]
  1111 | D:4      | Reached XP level 7. HP: 29/68 MP: 6/6
  1292 | D:5      | Entered Level 5 of the Dungeon
  1414 | D:5      | Noticed Ijyb
  1422 | D:5      | Killed Ijyb
  1626 | D:5      | Reached skill level 6 in Unarmed Combat
  2582 | D:6      | Reached XP level 8. HP: 79/79 MP: 7/7
  2707 | D:7      | Reached skill level 7 in Unarmed Combat
  2900 | D:7      | Noticed a two-headed ogre
  2910 | D:7      | Killed a two-headed ogre
  2910 | D:7      | Reached skill level 5 in Fighting
  2910 | D:7      | Reached skill level 5 in Shields
  2910 | D:7      | Reached skill level 8 in Unarmed Combat
  2976 | D:7      | Found a staircase to the Ecumenical Temple.
  3072 | Temple   | Entered the Ecumenical Temple
  3200 | Temple   | Became a worshipper of the Wu Jian Council
  3404 | D:8      | Reached XP level 9. HP: 88/88 MP: 8/8
  3750 | D:8      | Reached skill level 9 in Unarmed Combat
  4008 | D:8      | HP: 35/89 [poisoned by a hornet]
  4013 | D:8      | HP: 28/89 [poisoned by a hornet]
  4021 | D:8      | HP: 45/133 [poisoned by a hornet]
  4030 | D:8      | HP: 48/133 [poisoned by a hornet]
  4539 | D:9      | Noticed Joseph
  4547 | D:9      | HP: 35/89 [Joseph/uncursed quarterstaff (5)]
  4551 | D:9      | Killed Joseph
  4551 | D:9      | Reached skill level 10 in Unarmed Combat
  4561 | D:9      | Noticed a two-headed ogre
  4592 | D:9      | HP: 35/89 [poisoned by a killer bee]
  4597 | D:9      | HP: 29/89 [poisoned by a killer bee]
  4605 | D:9      | HP: 32/89 [poisoned by a killer bee]
  4613 | D:9      | HP: 35/89 [poisoned by a killer bee]
  4620 | D:9      | HP: 22/89 [two-headed ogre/giant club (17)]
  4620 | D:9      | HP: 5/89 [two-headed ogre/giant club (17)]
  4630 | D:9      | Killed a two-headed ogre
  4630 | D:9      | Reached XP level 10. HP: 13/100 MP: 9/9
  4630 | D:9      | HP: 10/100 [killer bee (3)]
  4636 | D:9      | HP: 6/150 [poisoned by a killer bee]
  4639 | D:9      | Reached * piety under Wu Jian
  4641 | D:9      | HP: 7/150 [poisoned by a killer bee]
  4649 | D:9      | HP: 10/150 [poisoned by a killer bee]
  4657 | D:9      | HP: 9/100 [poisoned by a killer bee]
  4859 | D:9      | Found Qygiul's Assorted Antiques.
  4869 | D:9      | Bought a scroll of identify for 34 gold pieces
  4869 | D:9      | Bought a lumpy zirconium amulet for 85 gold pieces
  4869 | D:9      | Bought a scroll labeled JIPAIK PIX for 17 gold pieces
  4869 | D:9      | Bought a scroll labeled RINIFA YTELLUU for 17 gold pieces
  4869 | D:9      | Bought a forked bronze wand for 68 gold pieces
  4890 | D:9      | Found a glowing silver altar of Zin.
  5037 | D:9      | Paralysed by a hornet for 3 turns
  5040 | D:9      | HP: 32/100 [hornet (16)]
  5045 | D:9      | HP: 27/100 [poisoned by a hornet]
  5051 | D:9      | HP: 27/100 [poisoned by a hornet]
  5056 | D:9      | HP: 29/100 [poisoned by a hornet]
  5064 | D:9      | HP: 32/100 [poisoned by a hornet]
  5243 | D:9      | Noticed a two-headed ogre
  5247 | D:9      | HP: 32/100 [two-headed ogre/giant club (18)]
  5302 | D:9      | HP: 37/100 [two-headed ogre/giant club (11)]
  5307 | D:9      | Killed a two-headed ogre
  5307 | D:9      | Reached skill level 11 in Unarmed Combat
  5571 | D:9      | Noticed Maurice
  5577 | D:9      | Killed Maurice
  5819 | D:9      | Found a staircase to the Lair.
  6008 | D:10     | Entered Level 10 of the Dungeon
  6021 | D:10     | Noticed Erica
  6035 | D:10     | Killed Erica
  6035 | D:10     | Reached skill level 12 in Unarmed Combat
  6035 | D:10     | Reached XP level 11. HP: 99/109 MP: 10/10
  6069 | D:10     | Noticed Psyche
  6072 | D:10     | Killed Psyche
  6120 | D:10     | Found Waongu's Antique Weapon Shop.
  6252 | D:10     | Reached ** piety under Wu Jian
  6584 | D:10     | Noticed a two-headed ogre
  6589 | D:10     | Killed a two-headed ogre
  6751 | D:11     | Found a labyrinth entrance.
  6762 | D:11     | Noticed a two-headed ogre
  6767 | D:11     | Killed a two-headed ogre
  7114 | D:11     | Noticed a white ugly thing
  7118 | D:11     | Killed a white ugly thing
  7140 | D:11     | Noticed Urug
  7140 | D:11     | Noticed an orc knight
  7147 | D:11     | HP: 28/111 [orc knight/scimitar (23)]
  7165 | D:11     | Noticed Harold
  7168 | D:11     | Killed an orc knight
  7278 | Lair:1   | Entered Level 1 of the Lair of Beasts
  7514 | Lair:1   | Reached skill level 13 in Unarmed Combat
  7899 | Lair:2   | Reached *** piety under Wu Jian
  7905 | Lair:2   | HP: 43/113 [yak (11)]
  8313 | Lair:2   | Reached skill level 1 in Evocations
  8383 | Lair:2   | Reached XP level 12. HP: 122/122 MP: 10/12
  8463 | Lair:2   | Found a staircase to the Snake Pit.
  8811 | Lair:2   | Noticed a five-headed hydra
  8821 | Lair:2   | Killed a ten-headed hydra
  9151 | Snake:1  | Entered Level 1 of the Snake Pit
 10181 | Lair:4   | Found a staircase to the Swamp.
 10187 | Lair:4   | Reached skill level 14 in Unarmed Combat
 10445 | Lair:4   | Found a dark tunnel.
 10499 | Lair:4   | Found a snail-covered altar of Cheibriados.
 11372 | Lair:5   | Found a viscous altar of Jiyva.
 11372 | Lair:5   | Found a staircase to the Slime Pits.
 11530 | Lair:5   | Noticed a seven-headed hydra
 11535 | Lair:5   | Killed a nine-headed hydra
 11770 | Lair:5   | HP: 39/123 [elephant (17)]
 12315 | Lair:6   | Entered Level 6 of the Lair of Beasts
 12611 | Lair:6   | Reached skill level 5 in Evocations
 12668 | Lair:6   | Noticed a death yak
 12669 | Lair:6   | Noticed a death yak
 12670 | Lair:6   | Noticed a death yak
 12672 | Lair:6   | Noticed a death yak
 12673 | Lair:6   | Noticed a death yak
 12683 | Lair:6   | HP: 45/124 [death yak (18)]
 12684 | Lair:6   | Killed a death yak
 12684 | Lair:6   | HP: 20/124 [death yak (25)]
 12690 | Lair:6   | HP: 15/124 [death yak (3)]
 12714 | Lair:6   | HP: 28/124 [death yak (3)]
 12876 | Lair:6   | Reached XP level 13. HP: 129/131 MP: 15/15
 12909 | Lair:6   | HP: 51/131 [poisoned by a spiny frog]
 12914 | Lair:6   | HP: 49/131 [poisoned by a spiny frog]
 12919 | Lair:6   | HP: 47/131 [poisoned by a spiny frog]
 12925 | Lair:6   | HP: 48/131 [poisoned by a spiny frog]
 12932 | Lair:6   | HP: 50/131 [poisoned by a spiny frog]
 13154 | Lair:6   | Reached **** piety under Wu Jian
 13204 | Lair:5   | Reached skill level 15 in Unarmed Combat
 13209 | Lair:5   | HP: 49/132 [elephant (17)]
 13719 | Lair:6   | Noticed an entropy weaver
 13726 | Lair:6   | HP: 78/199 [entropy weaver (4)]
 13727 | Lair:6   | Killed an entropy weaver
 13738 | Lair:6   | HP: 53/133 [soldier ant (5)]
 13855 | Lair:6   | Reached skill level 10 in Fighting
 14104 | Lair:6   | Noticed an entropy weaver
 14112 | Lair:6   | Killed an entropy weaver
 14337 | Lair:6   | Reached ***** piety under Wu Jian
 14473 | Lair:6   | HP: 50/133 [lindwurm/blast of flame (40)]
 14772 | Swamp:1  | Entered Level 1 of the Swamp
 14779 | Swamp:1  | Noticed Aizul
 14791 | Swamp:1  | HP: 39/133 [Aizul (15)]
 14793 | Swamp:1  | Killed Aizul
 14793 | Swamp:1  | Reached XP level 14. HP: 34/143 MP: 18/18
 14796 | Swamp:1  | HP: 34/143 [poisoned by Aizul (bolt of poison)]
 14798 | Swamp:1  | HP: 16/143 [spiny frog (19)]
 14805 | Swamp:1  | HP: 18/144 [poisoned by Aizul (bolt of poison)]
 14811 | Lair:4   | HP: 21/144 [poisoned by Aizul (bolt of poison)]
 14819 | Lair:4   | HP: 25/144 [poisoned by Aizul (bolt of poison)]
 15032 | Swamp:1  | Reached skill level 16 in Unarmed Combat
 15178 | Swamp:1  | Noticed Frances
 15195 | Swamp:1  | Killed Frances
 15265 | Swamp:1  | Noticed Nikola
 15281 | Swamp:1  | Killed Nikola
 15360 | Swamp:1  | HP: 53/144 [eight-headed hydra (12)]
 15360 | Swamp:1  | HP: 23/144 [eight-headed hydra (4)]
 15360 | Swamp:1  | HP: 11/144 [eight-headed hydra (12)]
 15361 | Swamp:1  | HP: 4/144 [eight-headed hydra (8)]
 15361 | Swamp:1  | Slain by an eight-headed hydra

Vault maps used:
D:1:      matt_arrival_los_fun
D:2:      uniq_natasha
D:3:      marbit_many_paths, grunt_temple_overflow_growth_and_decay,
          evilmike_ruin_ashenzari, uniq_robin, uniq_crazy_yiuf_cottage,
          uniq_jessica, uniq_grinder
D:4:      first_ration, item_on_display_a, uniq_edmund
D:5:      uniq_ijyb
D:6:      gammafunk_temple_overflow_pools
D:7:      minmay_temple_entry_statues, hangedman_decor_clover_reticule
D:8:      hangedman_pestilent_swarm
D:9:      kennysheep_little_box, erik_lair_dragon, serial_shops, shop,
          uniq_maurice, uniq_joseph
D:10:     serial_shops, nicolae_shop_behind_doors, uniq_psyche, uniq_erica
D:11:     lemuel_bear_cage, lab_entry_generic, sword_in_stone
Temple:   nicolae_temple_elliptical
Lair:1:   grunt_megastairs_3
Lair:2:   minmay_snake_entry_six_corridors, minivault_11, serial_bayou_shore_a
Lair:4:   minmay_swamp_entry_reptiles, enter_volcano_4, kennysheep_snail_temple
Lair:5:   dpeg_slime_entry_enclosed_altar, grunt_megastairs_4,
          lemuel_fruit_tree, uniq_urug
Lair:6:   grunt_lair_end_beastmaster, serial_bayou_pond_d, zaba_antful_of_joy
Swamp:1:  evilmike_swamp_ruin_wall, uniq_aizul, uniq_frances, uniq_nikola
Snake:1:  uniq_donald

Skill      XL: |  1  2  3  4  5  6  7  8  9 10 11 12 13 14 |
---------------+-------------------------------------------+-----
Unarmed Combat | 3 4 5 6 8 10 12 13 14 15 16 | 16.2
Fighting       | 3 4 5 6 7 8 9 10 | 10.5
Shields        | 3 4 5 6 7 8 9 |  9.0
Evocations     | 1 5 7 8 |  8.0
Dodging        | |  2.4

Action                   |  1- 3 |  4- 6 |  7- 9 | 10-12 | 13-15 || total
-------------------------+-------+-------+-------+-------+-------++-------
Melee: Unarmed           |    58 |    84 |   239 |   557 |   365 ||  1303
Invok: Lunge             |       |       |    13 |    40 |    17 ||    70
       Whirlwind         |       |       |       |     7 |     8 ||    15
       Serpent's Lash    |       |       |       |       |     1 ||     1
       Heavenly Storm    |       |       |       |       |     1 ||     1
 Abil: Evoke Berserk Rag |       |       |       |     3 |     8 ||    11
Evoke: Wand              |       |       |       |     6 |       ||     6
  Use: Scroll            |       |       |     7 |    17 |     3 ||    27
       Potion            |       |       |     1 |     2 |     1 ||     4
 Stab: Sleeping          |       |     2 |       |       |       ||     2
       Petrified         |       |       |       |       |    13 ||    13
  Eat: Chunk             |     9 |     3 |    34 |    74 |    29 ||   149
       Ration            |       |       |       |     1 |       ||     1
Armor: Robe              |    16 |    13 |    38 |    76 |    34 ||   177
       Skin              |       |       |     7 |     7 |       ||    14
Dodge: Dodged            |    17 |    23 |    75 |   124 |    78 ||   317
Block: Shield            |    16 |    22 |   111 |   227 |   137 ||   513

Table legend:
 A = Spawn XP
 B = Non-spawn XP
 C = Spawn XP percentage of total XP
 D = Spawn monster count
 E = Non-spawn monster count
 F = Spawn count percentage of total count
 G = Total turns spent on level
                    A         B        C        D         E        F      G
               +---------+---------+-------+---------+---------+-------+---------
         Total |       0 |   73581 |   0.0 |       0 |     365 |   0.0 | 15361
               +---------+---------+-------+---------+---------+-------+---------
           D:1 |       0 |       1 |   0.0 |       0 |       1 |   0.0 |    37
           D:2 |       0 |      14 |   0.0 |       0 |       7 |   0.0 |   110
           D:3 |       0 |      89 |   0.0 |       0 |      13 |   0.0 |   294
           D:4 |       0 |     701 |   0.0 |       0 |      19 |   0.0 |   851
           D:5 |       0 |     351 |   0.0 |       0 |      16 |   0.0 |   927
           D:6 |       0 |     277 |   0.0 |       0 |      13 |   0.0 |   375
           D:7 |       0 |    1300 |   0.0 |       0 |       8 |   0.0 |   600
           D:8 |       0 |    1284 |   0.0 |       0 |      21 |   0.0 |  1089
           D:9 |       0 |    6203 |   0.0 |       0 |      39 |   0.0 |  1631
          D:10 |       0 |    3506 |   0.0 |       0 |      20 |   0.0 |   775
          D:11 |       0 |    2556 |   0.0 |       0 |      11 |   0.0 |   425
        Lair:1 |       0 |    1910 |   0.0 |       0 |       9 |   0.0 |   544
        Lair:2 |       0 |    7149 |   0.0 |       0 |      37 |   0.0 |  1352
        Lair:3 |       0 |    1936 |   0.0 |       0 |      11 |   0.0 |   996
        Lair:4 |       0 |    3593 |   0.0 |       0 |      13 |   0.0 |  1049
        Lair:5 |       0 |    5794 |   0.0 |       0 |      18 |   0.0 |  1612
        Lair:6 |       0 |   26411 |   0.0 |       0 |      98 |   0.0 |  2111
       Swamp:1 |       0 |   10506 |   0.0 |       0 |      11 |   0.0 |   417
               +---------+---------+-------+---------+---------+-------+---------
